[Event "Titled Tuesday Blitz August 08 Late 2023"]
[White "Terry, Renato"]
[Black "Gurevich, Dmitry"]
[WhiteFideId "3803457"]
[BlackFideId "2000407"]
[WhiteElo "2919"]
[BlackElo "2477"]
[Result "1-0"]
[Round "5"]
[TimeControl "180+1"]
[Date "2023.08.08"]
[WhiteClock "0:00:46"]
[BlackClock "0:00:00"]
[Board "7"]

1. Nf3 d5 2. e3 e6 3. b3 c5 4. Bb2 Nc6 5. Bb5 Bd7 6. O-O f6 7. d4 a6 8. Bd3 cxd4 9. exd4 Bd6 10. c4 Nge7 11. Re1 O-O 12. Nc3 Rc8 13. a3 b6 14. cxd5 exd5 15. Bxa6 Ra8 16. Bd3 Bg4 17. Nb5 Bf4 18. h3 Bh5 19. g3 Bb8 20. g4 Bf7 21. Nh4 Ng6 22. Nxg6 hxg6 23. b4 Na7 24. Nc3 Qd6 25. Qf3 Nc6 26. Ne2 Qh2+ 27. Kf1 Re8 28. Qg2 Qd6 29. Rac1 Ra7 30. Bb5 Rc7 31. Rc3 g5 32. Rec1 Rec8 33. Ba6 Re8 34. Bb5 Rec8 35. Bd3 b5 36. Qf3 Qh2 37. Bxb5 Bg6 38. Qxd5+ Kh8 39. Qg2 Qd6 40. Rxc6 Rxc6 41. Rxc6 Rxc6 42. Qxc6 Qh2 43. Qf3 Qd6 44. Bd3 Bf7 45. Qe4 g6 46. d5 Kh7 47. Nd4 Bc7 48. Ne6 Bb6 49. Bxf6 Qh2 50. Nxg5+ 1-0


[Site "https://www.chess.com"]

[Event "Titled Tuesday Blitz August 08 Late 2023"]
[White "Firouzja, Alireza"]
[Black "Grigorov, Grigor"]
[WhiteFideId "12573981"]
[BlackFideId "2907313"]
[WhiteElo "3082"]
[BlackElo "2824"]
[Result "1-0"]
[Round "5"]
[TimeControl "180+1"]
[Date "2023.08.08"]
[WhiteClock "0:00:03"]
[BlackClock "0:00:06"]
[Board "8"]

1. e4 c6 2. d4 d5 3. e5 Bf5 4. Nf3 e6 5. Be2 Nd7 6. O-O a5 7. Nbd2 a4 8. c3 h6 9. Re1 Ne7 10. Nf1 Bg4 11. h3 Bxf3 12. Bxf3 Nf5 13. Ne3 Nxe3 14. Bxe3 g6 15. Be2 b5 16. Bd3 h5 17. Qd2 Nb6 18. b3 Be7 19. g3 Qc7 20. Kg2 Kd7 21. Qe2 axb3 22. axb3 Rxa1 23. Rxa1 Ra8 24. Rxa8 Nxa8 25. Qf3 Ke8 26. g4 hxg4 27. hxg4 Qa5 28. Qh3 Qxc3 29. Qh8+ Kd7 30. Bxg6 fxg6 31. Qxa8 Qc2 32. Qg8 Qe4+ 33. Kg3 Qd3 34. Qf7 g5 35. Kg2 Qe4+ 36. Kg3 Qd3 37. Kh2 Kd8 38. Qxe6 Qh7+ 39. Kg2 Qe4+ 40. Kg3 Qh1 41. Qg8+ Kc7 42. Qe6 Qg1+ 43. Kf3 Qd1+ 44. Kg2 Bd8 45. Qf7+ Kb6 46. Qd7 Bc7 47. Qf5 Qxb3 48. e6 Qb4 49. Bxg5 Qd6 50. Bf4 Qe7 51. Bxc7+ Kxc7 52. Qe5+ Kd8 53. Qb8# 1-0


[Site "https://www.chess.com"]

[Event "Titled Tuesday Blitz August 08 Late 2023"]
[White "Paravyan, David"]
[Black "Gadimbayli, Abdulla"]
[WhiteFideId "4194985"]
[BlackFideId "13404938"]
[WhiteElo "3034"]
[BlackElo "2839"]
[Result "1-0"]
[Round "5"]
[TimeControl "180+1"]
[Date "2023.08.08"]
[WhiteClock "0:00:47"]
[BlackClock "0:00:28"]
[Board "9"]

1. e4 e5 2. Nf3 d5 3. exd5 e4 4. Qe2 Nf6 5. d3 Bb4+ 6. c3 O-O 7. dxe4 Bd6 8. Nbd2 Re8 9. c4 Nbd7 10. Qd1 Nxe4 11. Be2 Nxd2 12. Bxd2 Qe7 13. Be3 Bb4+ 14. Kf1 Bc5 15. Qb3 Nf6 16. Bxc5 Qxe2+ 17. Kg1 Bg4 18. Bd4 Bxf3 19. gxf3 Nh5 20. h4 Nf4 21. Kh2 Nd3 22. Rhg1 c5 23. Rxg7+ Kf8 24. Qxb7 Qxf3 25. Rg8+ Kxg8 26. Rg1+ Kf8 27. Bg7+ Kg8 28. Be5+ 1-0


[Site "https://www.chess.com"]

[Event "Titled Tuesday Blitz August 08 Late 2023"]
[White "Andreikin, Dmitry"]
[Black "Talibov, Shiroghlan"]
[WhiteFideId "4158814"]
[BlackFideId "13429078"]
[WhiteElo "3018"]
[BlackElo "2827"]
[Result "1/2-1/2"]
[Round "5"]
[TimeControl "180+1"]
[Date "2023.08.08"]
[WhiteClock "0:00:06"]
[BlackClock "0:00:14"]
[Board "10"]

1. d4 Nf6 2. c4 e6 3. Nf3 d5 4. Bg5 dxc4 5. e4 b5 6. a4 c6 7. Nc3 Bb4 8. e5 h6 9. exf6 hxg5 10. fxg7 Rg8 11. h4 g4 12. Ng5 Rxg7 13. Qxg4 e5 14. Qh5 Qxd4 15. Qh8+ Ke7 16. Rd1 Bxc3+ 17. bxc3 Qxc3+ 18. Ke2 Nd7 19. Qxg7 Qc2+ 20. Rd2 Qf5 21. g4 Qf4 22. Rh3 Nc5 23. Re3 Nd3 24. Rdxd3 cxd3+ 25. Kxd3 Qd4+ 26. Kc2 Qxa4+ 27. Kb2 Qb4+ 28. Kc1 Qc5+ 29. Kd2 Qb4+ 30. Ke2 Qc4+ 31. Ke1 Qb4+ 32. Ke2 Qc4+ 33. Kd2 Qb4+ 34. Kc1 Qc5+ 35. Kb2 Qb4+ 36. Ka1 Qa5+ 37. Kb1 Qb4+ 38. Kc2 Qc5+ 39. Kb2 Qb4+ 1/2-1/2


[Site "https://www.chess.com"]

[Event "Titled Tuesday Blitz August 08 Late 2023"]
[White "Guseinov, Gadir"]
[Black "Grigoriants, Sergey"]
[WhiteFideId "13401378"]
[BlackFideId "4130804"]
[WhiteElo "2808"]
[BlackElo "2901"]
[Result "0-1"]
[Round "5"]
[TimeControl "180+1"]
[Date "2023.08.08"]
[WhiteClock "0:00:07"]
[BlackClock "0:00:06"]
[Board "12"]

1. e4 c6 2. d4 d5 3. Nd2 dxe4 4. Nxe4 Bf5 5. Ng3 Bg6 6. h4 h6 7. Nf3 e6 8. Ne5 Bh7 9. Bd3 Bxd3 10. Qxd3 Nd7 11. Bf4 Qa5+ 12. c3 Nxe5 13. Bxe5 Nf6 14. O-O Be7 15. b4 Qd8 16. Rae1 O-O 17. h5 a5 18. b5 c5 19. Ne4 cxd4 20. cxd4 Rc8 21. Qf3 Nxe4 22. Qxe4 Qd7 23. Qg4 f6 24. Bg3 f5 25. Qe2 f4 26. Bh2 Rf5 27. Qxe6+ Qxe6 28. Rxe6 Bf6 29. Rd6 Rc2 30. a4 Rc4 31. Rd1 Rxa4 32. b6 Rb4 33. g4 fxg3 34. Bxg3 a4 35. Re6 Rxd4 36. Rxd4 Bxd4 37. Re4 Bxb6 38. Rxa4 Bc5 39. Ra8+ Kh7 40. Rb8 b6 41. Kg2 Rxh5 42. Bc7 Rg5+ 43. Bg3 Rg6 44. Rb7 Re6 45. Kh3 Bd4 46. Bb8 Bxf2 47. Kg4 Bc5 48. Kf5 Rf6+ 49. Ke4 Kg6 50. Be5 Rf7 51. Rb8 h5 52. Rh8 Re7 53. Kd5 Rf7 54. Ke6 Be3 55. Ra8 Bg5 56. Ra6 Re7+ 57. Kd5 Kf5 58. Bd6 Rd7 59. Kc6 Rf7 60. Rxb6 Bf4 61. Rb5+ Kg4 62. Bc5 g5 63. Rb1 h4 64. Rg1+ Kf3 65. Kd5 Rf5+ 66. Ke6 Rxc5 0-1


[Site "https://www.chess.com"]

[Event "Titled Tuesday Blitz August 08 Late 2023"]
[White "Holt, Conrad"]
[Black "Fier, Alexandr"]
[WhiteFideId "2034387"]
[BlackFideId "2107139"]
[WhiteElo "2889"]
[BlackElo "2781"]
[Result "1/2-1/2"]
[Round "5"]
[TimeControl "180+1"]
[Date "2023.08.08"]
[WhiteClock "0:01:21"]
[BlackClock "0:02:23"]
[Board "13"]

1. d4 Nf6 2. c4 c5 3. d5 e6 4. Nc3 exd5 5. cxd5 d6 6. e4 g6 7. h3 Bg7 8. Nf3 O-O 9. Bd3 b5 10. Bxb5 Nxe4 11. Nxe4 Qa5+ 12. Nfd2 Qxb5 13. Nxd6 Qa6 14. N2c4 Nd7 15. O-O Ne5 16. Nxc8 Raxc8 17. Nxe5 Bxe5 18. Re1 Qd6 19. Rb1 Rfe8 20. Be3 Rcd8 21. Qa4 Qxd5 22. Qxa7 Bd4 23. Bxd4 cxd4 24. Qa4 Rxe1+ 25. Rxe1 d3 26. Re8+ Rxe8 27. Qxe8+ Kg7 28. Qe1 Qxa2 29. Qc3+ Kg8 30. Qxd3 Qxb2 31. Qe3 h5 1/2-1/2


[Site "https://www.chess.com"]

[Event "Titled Tuesday Blitz August 08 Late 2023"]
[White "Morefield, Jason"]
[Black "Ozen, Deniz"]
[WhiteFideId "30920825"]
[BlackFideId "6349196"]
[WhiteElo "2721"]
[BlackElo "2847"]
[Result "0-1"]
[Round "5"]
[TimeControl "180+1"]
[Date "2023.08.08"]
[WhiteClock "0:00:03"]
[BlackClock "0:00:06"]
[Board "14"]

1. e4 e5 2. Nf3 Nf6 3. Nxe5 d5 4. exd5 Qxd5 5. Nf3 Nc6 6. Nc3 Qh5 7. Be2 Bg4 8. h3 O-O-O 9. d4 Bb4 10. O-O Bd6 11. hxg4 Nxg4 12. Re1 Nxd4 13. Qxd4 Bh2+ 14. Kf1 Rxd4 15. Nxd4 Bd6 16. Bxg4+ Qxg4 17. Ne4 h5 18. f3 Qd7 19. Nxd6+ Qxd6 20. Ne2 h4 21. Bf4 Qc6 22. Kf2 h3 23. Rh1 Qb6+ 24. Be3 Qxb2 25. gxh3 Re8 26. Rad1 Qxc2 27. Rd2 Qa4 28. Rc1 Qh4+ 29. Ng3 Rxe3 30. Kxe3 Qxg3 31. Rcd1 b6 32. Rd8+ Kb7 33. R8d7 Qxh3 34. Re7 Qh6+ 35. Ke2 Qh2+ 36. Ke3 Qh5 37. Rdd7 Qc5+ 38. Kd3 Qa3+ 39. Ke4 Qa4+ 40. Ke3 Qa3+ 41. Kf4 Qc1+ 42. Kg3 f5 43. Rxg7 a5 44. Rgf7 Qg5+ 45. Kf2 Qh4+ 46. Ke3 Qg5+ 47. Ke2 Qg2+ 48. Ke3 Qxa2 49. Rxc7+ Ka6 50. Ra7+ Kb5 51. Rxf5+ Kb4 52. Rf4+ Kb3 53. Rd7 Qa1 54. Rd3+ Kc2 55. Rc4+ Kb2 56. Rd2+ Kb3 57. Rcd4 Qe1+ 58. Re2 Qg1+ 59. Ke4 b5 60. Re3+ Kc2 61. Rd5 Qg6+ 62. Ke5 Qg5+ 63. Ke4 Qe7+ 64. Kf4 Qf6+ 65. Ke4 Qe6+ 66. Kd4 Qb6+ 67. Ke4 b4 68. Re2+ Kc3 69. Re3+ Kc4 70. Re1 Qe6+ 71. Re5 Qg6+ 72. Ke3 a4 73. Rc1+ Kb3 74. Rb1+ Qxb1 0-1


[Site "https://www.chess.com"]

[Event "Titled Tuesday Blitz August 08 Late 2023"]
[White "Mitrabha, Guha"]
[Black "Papayan, Oleg"]
[WhiteFideId "5057000"]
[BlackFideId "4193911"]
[WhiteElo "2845"]
[BlackElo "2543"]
[Result "1-0"]
[Round "5"]
[TimeControl "180+1"]
[Date "2023.08.08"]
[WhiteClock "0:00:44"]
[BlackClock "0:00:02"]
[Board "15"]

1. Nf3 Nf6 2. g3 c5 3. Bg2 Nc6 4. O-O e5 5. c4 d5 6. cxd5 Nxd5 7. Nc3 Nxc3 8. bxc3 Be7 9. d3 O-O 10. Be3 Qc7 11. Qa4 Bd7 12. Qb3 b6 13. Rac1 Be6 14. Qb2 Qd7 15. Rfd1 Rac8 16. d4 cxd4 17. cxd4 exd4 18. Nxd4 Nxd4 19. Bxd4 Rxc1 20. Rxc1 f6 21. Bf3 Rc8 22. Rxc8+ Qxc8 23. h4 Qc4 24. Be3 Qxa2 25. Qb5 Bf8 26. Kh2 Qb3 27. Qa6 Qa3 28. Qb7 Qe7 29. Qa8 Kf7 30. Bf4 g6 31. Bb8 Bc4 32. e3 a5 33. Qc6 b5 34. Bd5+ Bxd5 35. Qxd5+ Kg7 36. Qxb5 Qb4 37. Qd7+ Kg8 38. Bc7 a4 39. Bd8 Qd6 40. Qxd6 Bxd6 41. Bxf6 a3 42. Bc3 a2 43. Kg2 Kf7 44. e4 Bb4 45. Bb2 Ke6 46. Kf3 Be1 47. Ke2 Bb4 48. f4 h5 49. Kf3 Be1 50. Ba1 Bb4 51. g4 Be1 52. f5+ gxf5 53. exf5+ Kf7 54. g5 Bxh4 55. Kf4 Be1 56. g6+ Kg8 57. f6 Bb4 58. Kg5 Bd6 59. Kxh5 Bf8 60. f7# 1-0


[Site "https://www.chess.com"]

[Event "Titled Tuesday Blitz August 08 Late 2023"]
[White "Jimenez Martinez, Jose Vicente"]
[Black "Naroditsky, Daniel"]
[WhiteFideId "2264021"]
[BlackFideId "2026961"]
[WhiteElo "2735"]
[BlackElo "3195"]
[Result "0-1"]
[Round "5"]
[TimeControl "180+1"]
[Date "2023.08.08"]
[WhiteClock "0:00:16"]
[BlackClock "0:00:57"]
[Board "16"]

1. d4 Nf6 2. c4 g6 3. Nc3 Bg7 4. e4 d6 5. f3 O-O 6. Be3 c6 7. Qd2 a6 8. a4 a5 9. Nge2 Na6 10. Nc1 e5 11. d5 Nc5 12. Be2 Nh5 13. O-O Nf4 14. Bd1 cxd5 15. Nxd5 Nxd5 16. cxd5 b6 17. Bc2 f5 18. Nb3 f4 19. Bf2 g5 20. Nxc5 bxc5 21. Bd3 g4 22. fxg4 Bxg4 23. Be2 Qg5 24. Bxg4 Qxg4 25. h3 Qg6 26. Kh2 Qxe4 27. Bh4 Qg6 28. Ra3 e4 29. Kh1 Be5 30. Qe2 Rab8 31. b3 Rf7 32. Re1 f3 33. gxf3 exf3 34. Qf2 Bd4 35. Qg3 f2 36. Rf1 Rb4 37. Ra2 Be5 38. Qxg6+ hxg6 39. Raxf2 Rxf2 40. Rxf2 Rxh4 41. Kg2 Rb4 0-1


[Site "https://www.chess.com"]

[Event "Titled Tuesday Blitz August 08 Late 2023"]
[White "Vachier-Lagrave, Maxime"]
[Black "Mekhitarian, Krikor Sevag"]
[WhiteFideId "623539"]
[BlackFideId "2107660"]
[WhiteElo "3156"]
[BlackElo "2734"]
[Result "0-1"]
[Round "5"]
[TimeControl "180+1"]
[Date "2023.08.08"]
[WhiteClock "0:00:15"]
[BlackClock "0:00:11"]
[Board "17"]

1. d4 Nf6 2. c4 g6 3. Nc3 d5 4. Qb3 dxc4 5. Qxc4 Bg7 6. Bf4 c6 7. e3 O-O 8. Nf3 b5 9. Qb3 Qa5 10. Nd2 Be6 11. Qc2 c5 12. dxc5 Na6 13. Bxb5 Nb4 14. Qa4 Qxa4 15. Nxa4 Nc2+ 16. Ke2 Nxa1 17. Rxa1 Nd5 18. Bg3 Bxb2 19. Rb1 Bg7 20. Ba6 Bd7 21. Bb7 Bxa4 22. Bxd5 Rac8 23. Ne4 Bc6 24. Bxc6 Rxc6 25. Rb7 f5 26. Ng5 Bf6 27. h4 h6 28. Nh3 Rxc5 29. Rxa7 Rd8 30. Bf4 Kg7 31. g3 Rcd5 32. Bc7 R8d7 33. Nf4 Rd2+ 34. Kf3 Kf7 35. Bb6 Rxa7 36. Bxa7 Rxa2 37. Bb8 e5 38. Nd5 e4+ 39. Kg2 g5 40. Nxf6 Kxf6 41. h5 Rc2 42. Bd6 Kf7 43. Be5 Rc5 44. Bd6 Rd5 45. Bc7 Ke6 46. Bb8 Rd2 47. Bc7 Rd7 48. Ba5 f4 49. exf4 gxf4 50. gxf4 Kf5 51. Kg3 Rg7+ 52. Kh3 Rd7 53. Bb6 Kxf4 54. Be3+ Kf3 55. Bxh6 Rh7 0-1


[Site "https://www.chess.com"]

[Event "Titled Tuesday Blitz August 08 Late 2023"]
[White "Yanchenko, Roman"]
[Black "Martinez Alcantara, Jose Eduardo"]
[WhiteFideId "4137329"]
[BlackFideId "3805662"]
[WhiteElo "2726"]
[BlackElo "3043"]
[Result "1-0"]
[Round "5"]
[TimeControl "180+1"]
[Date "2023.08.08"]
[WhiteClock "0:00:14"]
[BlackClock "0:00:00"]
[Board "18"]

1. d4 Nf6 2. Bf4 b6 3. e3 Bb7 4. Nf3 e6 5. Be2 Be7 6. O-O O-O 7. h3 c5 8. a4 cxd4 9. exd4 d6 10. Nc3 a6 11. Qd3 Nbd7 12. Rfd1 Rc8 13. Nd2 Qc7 14. Bf3 Rfd8 15. Bg3 h6 16. Re1 Bf8 17. Rad1 Bxf3 18. Qxf3 Qc6 19. Qd3 Qa8 20. Nde4 d5 21. Nd2 Rc6 22. Ne2 b5 23. axb5 axb5 24. Ra1 Ra6 25. Nb3 Rxa1 26. Rxa1 Qc6 27. f3 Rc8 28. Nc3 b4 29. Na5 Qb6 30. Nd1 e5 31. Nb3 e4 32. fxe4 Nxe4 33. Bf4 Qe6 34. Ne3 Ndf6 35. Rf1 g6 36. Be5 Nd7 37. Bf4 Nef6 38. Nd2 Kg7 39. Nf3 Qe4 40. Ne5 Qxd3 41. Nxd3 Re8 42. Be5 Nxe5 43. dxe5 Ne4 44. Nxd5 Rb8 45. Rf4 Ng5 46. N5xb4 Ne6 47. Rc4 Ra8 48. Kf2 Ra5 49. c3 Rb5 50. Ke3 Be7 51. Nc2 Bg5+ 52. Kf3 Bd2 53. Nd4 Rd5 54. Nxe6+ fxe6 55. Ke4 g5 56. Rd4 Ra5 57. Nc5 Bc1 58. Rd7+ Kg6 59. Nxe6 Bxb2 60. g4 h5 61. Rg7+ Kh6 62. Kf5 Rxe5+ 63. Kxe5 Bxc3+ 64. Kf5 Bxg7 65. Nxg7 hxg4 66. hxg4 Kh7 67. Nh5 Kh6 68. Ng3 Kh7 69. Kxg5 Kg8 70. Kh5 Kh8 71. g5 Kg7 72. g6 1-0


[Site "https://www.chess.com"]

[Event "Titled Tuesday Blitz August 08 Late 2023"]
[White "Aronian, Levon"]
[Black "Rakotomaharo, Fy Antenaina"]
[WhiteFideId "13300474"]
[BlackFideId "13100050"]
[WhiteElo "3035"]
[BlackElo "2724"]
[Result "1-0"]
[Round "5"]
[TimeControl "180+1"]
[Date "2023.08.08"]
[WhiteClock "0:00:05"]
[BlackClock "0:00:00"]
[Board "19"]

1. e4 e5 2. Nf3 Nf6 3. Nxe5 d6 4. Nf3 Nxe4 5. Bd3 Nf6 6. O-O Be7 7. h3 O-O 8. Re1 d5 9. Bf1 Bd6 10. d4 h6 11. c4 c6 12. Nc3 Be6 13. Qb3 b6 14. Ne5 Qc7 15. cxd5 Nxd5 16. Bc4 Bxe5 17. dxe5 Rd8 18. Bxd5 Bxd5 19. Nxd5 Rxd5 20. e6 fxe6 21. Rxe6 Qf7 22. Re1 Nd7 23. Qg3 Kh7 24. Bf4 Rf8 25. Bd6 Re8 26. Bb4 c5 27. Bc3 Rg5 28. Qd3+ Kg8 29. Rxe8+ Qxe8 30. Re1 Qf7 31. Re3 Qd5 32. Qxd5+ Rxd5 33. Re7 g5 34. Rg7+ Kf8 35. Rh7 Rd6 36. g4 Kg8 37. Rg7+ Kf8 38. Rh7 Kg8 39. Rh8+ Kf7 40. Ra8 a5 41. Rh8 Re6 42. Rh7+ Ke8 43. Kf1 Rd6 44. Ke2 Kf8 45. a4 Kg8 46. Rh8+ Kf7 47. Kf3 Nf8 48. Kg3 Rd3+ 49. f3 Rd6 50. h4 gxh4+ 51. Kh3 Ng6 52. Rh7+ Ke8 53. f4 Nxf4+ 54. Kxh4 Rd3 55. Rxh6 Rh3+ 56. Kg5 Rxh6 57. Kxh6 Nd5 58. g5 Kf7 59. Kh7 Ke6 60. g6 Ne7 61. g7 Kf7 62. Be5 c4 63. Bc7 Ng8 64. Bxb6 Nf6+ 65. Kh8 Ng8 66. Bxa5 1-0


[Site "https://www.chess.com"]

[Event "Titled Tuesday Blitz August 08 Late 2023"]
[White "Korchmar, Vasiliy"]
[Black "Mamedov, Rauf"]
[WhiteFideId "24131750"]
[BlackFideId "13401653"]
[WhiteElo "2722"]
[BlackElo "3003"]
[Result "0-1"]
[Round "5"]
[TimeControl "180+1"]
[Date "2023.08.08"]
[WhiteClock "0:00:00"]
[BlackClock "0:01:57"]
[Board "20"]

1. e4 c5 2. d4 cxd4 3. Qxd4 Nc6 4. Qd3 g6 5. Nc3 Bg7 6. Nf3 d6 7. Be2 Nf6 8. O-O O-O 9. Nd5 Nxd5 10. exd5 Ne5 11. Nxe5 Bxe5 12. c3 Qb6 13. Bh6 Qxb2 14. Bxf8 Kxf8 15. Rfc1 Bf5 16. Qe3 Rc8 17. Bf1 Kg7 18. Qxa7 Bxc3 19. Rd1 Rc5 20. f3 Bd4+ 21. Kh1 Qf2 22. Bd3 Bxd3 0-1


[Site "https://www.chess.com"]

[Event "Titled Tuesday Blitz August 08 Late 2023"]
[White "carokannlover213"]
[Black "Kramnik, Vladimir"]
[BlackFideId "4101588"]
[WhiteElo "2722"]
[BlackElo "2972"]
[Result "0-1"]
[Round "5"]
[TimeControl "180+1"]
[Date "2023.08.08"]
[WhiteClock "0:00:06"]
[BlackClock "0:00:29"]
[Board "21"]

1. e4 c5 2. Nf3 e6 3. d4 cxd4 4. Nxd4 Nf6 5. Nc3 Nc6 6. Ndb5 d6 7. Bf4 e5 8. Bg5 a6 9. Na3 b5 10. Nd5 Be7 11. Bxf6 Bxf6 12. c3 Rb8 13. Nc2 Bg5 14. a4 bxa4 15. Ncb4 Nxb4 16. cxb4 O-O 17. Rxa4 a5 18. b5 Bd7 19. Nc3 d5 20. Nxd5 Bxb5 21. Bxb5 Rxb5 22. O-O Qb8 23. Nc3 Rc5 24. Qe2 Rd8 25. Nd5 Qb5 26. Qxb5 Rxb5 27. g3 Rdb8 28. Rfa1 Bd8 29. Ne3 Rxb2 30. Nc4 Rb1+ 31. Kg2 Rxa1 32. Rxa1 Ra8 33. Nxe5 Bf6 34. f4 a4 35. Ra2 Bxe5 36. fxe5 Kf8 37. Kf3 a3 38. Kf4 Ke7 39. h4 Ke6 40. g4 h6 41. g5 h5 42. g6 fxg6 43. Kg5 Kxe5 44. Kxg6 Kxe4 45. Kxh5 Ra6 46. Kg5 Kd3 47. Ra1 a2 48. h5 Kc2 49. Rxa2+ Rxa2 50. Kg6 Ra5 51. h6 gxh6 0-1


[Site "https://www.chess.com"]

[Event "Titled Tuesday Blitz August 08 Late 2023"]
[White "Xiong, Jeffery"]
[Black "Alex_Sahakyan2006"]
[WhiteFideId "2047640"]
[WhiteElo "2967"]
[BlackElo "2720"]
[Result "1-0"]
[Round "5"]
[TimeControl "180+1"]
[Date "2023.08.08"]
[WhiteClock "0:00:10"]
[BlackClock "0:00:03"]
[Board "22"]

1. e4 e5 2. Nf3 Nc6 3. d4 exd4 4. Nxd4 Nf6 5. Nxc6 bxc6 6. Bd3 d5 7. exd5 cxd5 8. O-O Be7 9. c4 d4 10. Bg5 O-O 11. Bxf6 Bxf6 12. b4 Bb7 13. Nd2 Re8 14. Nb3 Rb8 15. a3 Ba8 16. Qh5 g6 17. Qc5 Rb6 18. Rfe1 Rf8 19. Rad1 Qd7 20. Bf1 Qa4 21. Nxd4 Qxa3 22. Nb5 Qb2 23. Rb1 Qc2 24. Nxc7 Rc8 25. Rbc1 Qb2 26. Rb1 Qc2 27. Qe3 Rxc7 28. Qe8+ Kg7 29. Qxa8 Bd4 30. Kh1 Rf6 31. f3 Rf5 32. Qb8 Qf2 33. Bd3 Be5 34. Bxf5 Bxh2 35. Bh3 Bf4 36. Re4 Qg3 37. Rxf4 Qxf4 38. c5 h5 39. Qd8 g5 40. Qd6 Qxd6 41. cxd6 Rc6 42. Rd1 g4 43. fxg4 hxg4 44. d7 gxh3 45. d8=Q hxg2+ 46. Kxg2 1-0


[Site "https://www.chess.com"]

[Event "Titled Tuesday Blitz August 08 Late 2023"]
[White "Papasimakopoulos, Alexandros"]
[Black "Sjugirov, Sanan"]
[WhiteFideId "4244125"]
[BlackFideId "4189302"]
[WhiteElo "2707"]
[BlackElo "2952"]
[Result "0-1"]
[Round "5"]
[TimeControl "180+1"]
[Date "2023.08.08"]
[WhiteClock "0:00:21"]
[BlackClock "0:01:19"]
[Board "23"]

1. d4 Nf6 2. c4 e6 3. Nc3 Bb4 4. Qc2 d6 5. a3 Bxc3+ 6. Qxc3 Nc6 7. f3 e5 8. d5 Ne7 9. e4 Nd7 10. Bd3 a5 11. b3 Nc5 12. Bc2 f5 13. exf5 Bxf5 14. Ne2 Bxc2 15. Qxc2 a4 16. b4 Nb3 17. Rb1 O-O 18. O-O Nf5 19. Qd3 Qh4 20. Bb2 Rae8 21. g3 Qh3 22. Rbe1 h5 23. Rf2 h4 24. Rg2 Nbd4 25. Nxd4 exd4 26. Rxe8 Rxe8 27. Bxd4 hxg3 28. Bc3 Re3 29. Qc2 Rxf3 30. Qe2 Rxc3 31. hxg3 Rc1+ 32. Kf2 Qxg2+ 33. Kxg2 Rc2 34. Qxc2 Ne3+ 0-1


[Site "https://www.chess.com"]

[Event "Titled Tuesday Blitz August 08 Late 2023"]
[White "Nguyen, Ngoc Truong Son"]
[Black "Matinian, Nikita"]
[WhiteFideId "12401110"]
[BlackFideId "24129100"]
[WhiteElo "2942"]
[BlackElo "2700"]
[Result "1-0"]
[Round "5"]
[TimeControl "180+1"]
[Date "2023.08.08"]
[WhiteClock "0:01:42"]
[BlackClock "0:00:00"]
[Board "24"]

1. d4 Nf6 2. c4 g6 3. Nc3 Bg7 4. e4 d6 5. f4 O-O 6. Nf3 Bg4 7. Be3 Nfd7 8. h3 Bxf3 9. Qxf3 c5 10. d5 Na6 11. h4 Qa5 12. Bd2 Nb4 13. Rc1 f5 14. a3 Na6 15. h5 Qb6 16. Nb5 Nc7 17. hxg6 Nxb5 18. cxb5 hxg6 19. g4 c4 20. gxf5 Qxb5 21. Qh3 Nf6 22. Bc3 gxf5 23. Qxf5 Qd7 24. Bh3 Qxf5 25. Bxf5 Kf7 26. e5 Nxd5 27. e6+ Kg8 28. Bh7+ Kh8 29. Be4+ Kg8 30. Bxd5 Bxc3+ 31. Rxc3 Rxf4 32. Rg3+ 1-0


[Site "https://www.chess.com"]

[Event "Titled Tuesday Blitz August 08 Late 2023"]
[White "Sokolovsky, Yahli"]
[Black "Kovalev, Vladislav"]
[WhiteFideId "2820242"]
[BlackFideId "13504398"]
[WhiteElo "2698"]
[BlackElo "2893"]
[Result "0-1"]
[Round "5"]
[TimeControl "180+1"]
[Date "2023.08.08"]
[WhiteClock "0:00:00"]
[BlackClock "0:00:42"]
[Board "25"]

1. b3 Nf6 2. Bb2 g6 3. Nf3 Bg7 4. g3 d5 5. d4 O-O 6. Bg2 Ne4 7. O-O c5 8. Nbd2 Nc6 9. e3 Bf5 10. Nh4 cxd4 11. Nxf5 gxf5 12. Nxe4 dxe4 13. Qh5 e6 14. Rad1 Qb6 15. g4 fxg4 16. Bxe4 f5 17. Bxc6 Qxc6 18. Bxd4 e5 19. Ba1 Qg6 20. Qxg6 hxg6 21. Rd7 Rf7 22. Rfd1 Raf8 23. c4 Rxd7 24. Rxd7 Rf7 25. Rd8+ Kh7 26. c5 Rc7 27. b4 b6 28. Rd5 bxc5 29. Rxc5 Rxc5 30. bxc5 Bf8 31. Bxe5 Bxc5 32. Kg2 Kh6 33. h3 gxh3+ 34. Kxh3 g5 35. Kg3 Kg6 36. Kf3 Kf7 37. Bc7 Ke6 38. Bd8 g4+ 39. Ke2 Kd5 40. Kd3 f4 41. exf4 Bxf2 42. Ke2 Bc5 43. f5 Ke5 44. f6 Ke6 45. Kf1 Bd4 46. Kg2 Bxf6 47. Bc7 Be5 48. Ba5 Kd5 49. Bd2 a6 50. Be1 Kc4 51. Bd2 Kd3 52. Bb4 Kc2 53. Be7 a5 54. a3 a4 55. Bc5 Kb3 56. Be7 Bb2 57. Kg3 Bxa3 58. Bf6 Bb4 59. Kxg4 a3 0-1


[Site "https://www.chess.com"]

[Event "Titled Tuesday Blitz August 08 Late 2023"]
[White "Rastbod, Ali"]
[Black "Zhigalko, Sergei"]
[WhiteFideId "12567477"]
[BlackFideId "13502956"]
[WhiteElo "2691"]
[BlackElo "2887"]
[Result "0-1"]
[Round "5"]
[TimeControl "180+1"]
[Date "2023.08.08"]
[WhiteClock "0:00:00"]
[BlackClock "0:00:50"]
[Board "26"]

1. Nf3 d5 2. c4 d4 3. b4 Bg4 4. Qb3 Nf6 5. Bb2 Bxf3 6. Qxf3 e5 7. Qxb7 Nbd7 8. a3 a5 9. c5 Rb8 10. Qc6 axb4 11. axb4 Rxb4 12. Ba3 Rb3 13. e3 Qb8 14. Bc4 Rxb1+ 15. Rxb1 Qxb1+ 16. Ke2 Qb8 17. exd4 exd4 18. Kf3 Be7 19. Re1 Qd8 20. Bb2 O-O 21. Bxd4 Nb8 0-1


[Site "https://www.chess.com"]

[Event "Titled Tuesday Blitz August 08 Late 2023"]
[White "Begmuratov, Alisher"]
[Black "Khanin, Semen"]
[WhiteFideId "14203367"]
[BlackFideId "4111990"]
[WhiteElo "2663"]
[BlackElo "2883"]
[Result "1-0"]
[Round "5"]
[TimeControl "180+1"]
[Date "2023.08.08"]
[WhiteClock "0:02:02"]
[BlackClock "0:00:51"]
[Board "27"]

1. e4 c5 2. Nf3 Nc6 3. Nc3 g6 4. d4 cxd4 5. Nxd4 Bg7 6. Be3 Nf6 7. f3 O-O 8. Bc4 Qb6 9. Bb3 Nxe4 10. Nd5 Qa5+ 11. c3 Nc5 12. Nxc6 dxc6 13. Nxe7+ Kh8 14. Nxc8 Rd8 15. Nd6 Rxd6 16. Qxd6 Nxb3 17. Rd1 Be5 18. Qe7 Bxc3+ 19. bxc3 Qxc3+ 20. Kf2 Qb2+ 21. Kf1 Qxa2 22. Qf6+ Kg8 23. Bh6 Qa6+ 24. Kf2 1-0


[Site "https://www.chess.com"]

[Event "Titled Tuesday Blitz August 08 Late 2023"]
[White "Weishaeutel, Moritz"]
[Black "Zemlyanskii, Ivan"]
[WhiteFideId "12967300"]
[BlackFideId "24249971"]
[WhiteElo "2656"]
[BlackElo "2879"]
[Result "0-1"]
[Round "5"]
[TimeControl "180+1"]
[Date "2023.08.08"]
[WhiteClock "0:00:02"]
[BlackClock "0:00:06"]
[Board "28"]

1. e4 c5 2. d4 cxd4 3. c3 dxc3 4. Nxc3 Nc6 5. Nf3 e6 6. Bc4 a6 7. O-O Nge7 8. Bg5 h6 9. Be3 b5 10. Bb3 Na5 11. Re1 Bb7 12. Bd5 Nec6 13. Nd4 Be7 14. Qg4 Bf6 15. Rad1 Ne5 16. Qg3 exd5 17. Nf5 Nac4 18. Bd4 g6 19. Nd6+ Nxd6 20. Bxe5 Nxe4 21. Nxd5 Bxd5 22. Rxd5 O-O 23. Rxe4 Re8 24. Bxf6 Rxe4 25. f3 Qb6+ 26. Kh1 Qxf6 27. h3 Re7 28. Rd6 Qe5 29. Rxg6+ fxg6 30. Qxg6+ Qg7 31. Qe4 Rae8 32. Qd5+ Kh8 33. Qf5 Re1+ 34. Kh2 Qe5+ 35. Qxe5+ R8xe5 36. f4 R5e2 0-1


[Site "https://www.chess.com"]